 Dungeon Crawl Stone Soup version 0.23-a0-389-g4a5eb334b0 (webtiles) character file.

98 LostNumber the Sneak (level 5, 0/32 HPs)
             Began as a Kobold Assassin on Oct 30, 2018.
             Slain by Natasha (7 damage)
             ... on level 2 of the Dungeon.
             The game lasted 00:02:59 (2474 turns).

LostNumber the Sneak (Kobold Assassin)              Turns: 2474, Time: 00:03:00

Health: 0/32       AC:  3    Str: 10    XL:     5   Next: 1%
Magic:  5/5        EV: 14    Int: 12    God:
Gold:   87         SH:  0    Dex: 16    Spells: 4/4 levels left

rFire    . . .     SeeInvis .   a - +2 dagger
rCold    . . .     Gourm    .   (shield restricted)
rNeg     . . .     Faith    .   c - +0 robe
rPois    .         Spirit   .   (no helmet)
rElec    .         Reflect  .   d - +0 cloak
rCorr    .         Harm     .   (no gloves)
MR       .....                  (no boots)
Stlth    +++.......             (no amulet)
HPRegen  0.10/turn              (no ring)
MPRegen  0.09/turn              (no ring)

@: no status effects
A: small, carnivore
a: no special abilities


You were on level 2 of the Dungeon.
You were completely stuffed.

You visited 1 branch of the dungeon, and saw 2 of its levels.

You collected 87 gold pieces.

Inventory:

Hand Weapons
 a - a +2 dagger (weapon)
 b - a +0 blowgun
Missiles
 e - 6 poisoned needles
 f - 2 curare-tipped needles
 h - 7 tomahawks (quivered)
Armour
 c - a +0 robe (worn)
 d - a +0 cloak (worn)
Scrolls
 j - a scroll of enchant weapon {unknown}
 l - a scroll of fog {unknown}
 n - a scroll of remove curse {unknown}
 o - a scroll of identify {unknown}
 p - a scroll of immolation {unknown}
Potions
 i - a potion of mutation {unknown}
 k - a potion of magic {unknown}
 m - 2 potions of degeneration {unknown}
Comestibles
 g - 4 rations


   Skills:
 + Level 3.0 Fighting
 * Level 4.5 Short Blades
 + Level 3.0 Throwing
 - Level 1.2 Dodging
 + Level 5.9 Stealth


You had 4 spell levels left.
You didn't know any spells.
Your spell library was empty.

Dungeon Overview and Level Annotations

Branches:
Dungeon (2/15)

Altars:

Annotations:
D:2 Natasha


Innate Abilities, Weirdness & Mutations

You are small and have problems with some larger weapons.
You are carnivorous and can eat meat at any time.


Message History

Natasha is lightly wounded.
The crimson imp barely misses you.
You closely miss Natasha.
Natasha is lightly wounded.
Natasha casts a spell at you. The magic dart hits you!
The crimson imp barely misses you.
You hit Natasha.
Natasha is moderately wounded.
Natasha stares at you and mumbles some strange words.
The magic dart hits you!
The crimson imp blinks!
You miss Natasha.
Natasha is moderately wounded.
Natasha casts a spell at you. The magic dart hits you!
* * * LOW HITPOINT WARNING * * *
You completely miss Natasha.
Natasha is moderately wounded.
The crimson imp shouts, "Remove thy stench, thou unhinged kobold-kissing Natasha claws you!
You die...

.###.###....#...........#
##...
.........###.....######<#
###. ####.##### ##...##
#.# ## #.# ##.## #.# #
###.# #.# #.# # #...# #.#
#.# #.### ##'## #.# #.#
##...## #.## #### #.###
#...ยง@# #.... ..#
##.#.## #.....h.#
.##.###.#
......####.....(...#
......#.#
.#.......+.........+
.........
.#....####$........#
...#.#.# .#.#).#
##.....5.## #.##.#.#
.#..#.# ##>.[..## #
#.##.#.# .##.#.# ##...##
#.##.##.#.# .##.#.# #+#
#.........#


You could see Natasha and a crimson imp.

Vanquished Creatures
  A worker ant (D:2)
  2 adders (D:2)
  A gnoll (D:1)
  A worm (D:2)
  3 dart slugs (D:1)
  A leopard gecko (D:2)
  2 ball pythons (D:1)
  2 giant cockroaches
  2 goblins (D:1)
  4 hobgoblins
  8 bats
  4 frilled lizards
  4 kobolds
  7 rats
42 creatures vanquished.

Notes
Turn   | Place    | Note
-------+----------+-------------------------------------------
     0 | D:1      | LostNumber the Kobold Assassin began the quest for the Orb.
     0 | D:1      | Reached XP level 1. HP: 12/12 MP: 1/1
   158 | D:1      | Reached XP level 2. HP: 18/18 MP: 2/2
   517 | D:1      | Reached XP level 3. HP: 5/22 MP: 3/3
  1717 | D:2      | Reached XP level 4. HP: 21/27 MP: 4/4
  2348 | D:2      | Reached XP level 5. HP: 29/32 MP: 5/5
  2464 | D:2      | Noticed Natasha
  2474 | D:2      | Slain by Natasha

Vault maps used:
D:1:      lightli_arrival_flooded_house
D:2:      serial_bayou_pond_c, hangedman_decor_opposing, minmay_curled_crystal,
          kennysheep_generic_room_9, uniq_natasha, uniq_sigmund

Skill      XL: |  1  2  3  4 |
---------------+-------------+-----
Short Blades   | 3 4 |  4.5
Throwing       | 3 |  3.0
Fighting       | 3 |  3.0
Dodging        | |  1.2
Stealth        | |  5.9

Action                   |  1- 3 |  4- 6 || total
-------------------------+-------+-------++-------
Melee: Dagger            |    92 |    37 ||   129
 Fire: Blowgun           |     6 |     2 ||     8
Throw: Tomahawk          |     1 |       ||     1
 Stab: Sleeping          |    11 |     4 ||    15
  Eat: Chunk             |     9 |     4 ||    13
Armor: Robe              |     5 |     2 ||     7
Dodge: Dodged            |    45 |    18 ||    63

Table legend:
 A = Non-vault XP
 B = Vault XP
 C = Vault XP percentage of total XP
 D = Non-vault monster count
 E = Vault monster count
 F = Vault count percentage of total count
                 A         B        C        D         E       F
            +---------+---------+-------+---------+---------+-------
      Total |     102 |      39 |  27.7 |      40 |       2 |   4.8
            +---------+---------+-------+---------+---------+-------
        D:1 |      58 |       0 |   0.0 |      26 |       0 |   0.0
        D:2 |      44 |      39 |  47.0 |      14 |       2 |  12.5
            +---------+---------+-------+---------+---------+-------
